Map: Winter Madness LE

Players

Jumy (ForJumy)

  • Race: Protoss Protoss
  • League: Master
  • Spawn Location: 5:00

Serral - Winner!

  • Race: Zerg Zerg
  • League: Grandmaster
  • Spawn Location: 11:00

VOD

Have the link to the VOD?

Description

Time

  • Played on: Jan. 30, 2026, 1:29 p.m.
  • Length: 25:43
Show
View Real Time Build Order
Export as new Build Order

Jumy Protoss 

Build Orders: 1 Gate Expand, Oracle Opening, Chargelot Immortal 

Get SALT Encoding   

  12  0:00  Probe  
  13  0:12  Probe  
  14  0:20  Pylon  
  14  0:24  Probe  
  15  0:34  Probe  
  15  0:37  Assimilator  
  16  0:42  Probe  
  17  0:50  Gateway  
  17  0:54  Probe  
  18  1:07  Probe  
  19  1:19  Probe  
  20  1:26  Nexus  
  20  1:37  Cybernetics Core  
  20  1:38  Probe  
  21  1:41  Assimilator  
  21  1:48  Pylon  
  21  1:50  Probe  
  22  2:01  Stalker  
  22  2:03  Probe  
  23  2:13  Warp Gate  
  23  2:15  Probe  
  26  2:25  Stargate  
  26  2:27  Probe  
  27  2:33  Adept  
  27  2:35  Probe x2  
  29  2:43  Probe x2  
  32  2:53  Probe x2  
  34  2:59  Oracle  
  34  3:05  Probe x2  
  36  3:08  Adept  
  41  3:15  Gateway  
  41  3:17  Probe x2  
  43  3:23  Pylon  
  43  3:29  Probe x2  
  43  3:33  Oracle  
  48  3:41  Probe  
  48  3:43  Probe, Assimilator  
  48  3:44  Assimilator  
  50  3:50  Pylon  
  50  3:53  Probe  
  51  3:57  Probe  
  52  4:03  Adept  
  54  4:13  Adept  
  54  4:15  Probe  
  55  4:20  Shield Battery  
  55  4:22  Nexus  
  55  4:25  Pylon  
  55  4:26  Probe  
  55  4:29  Stalker  
  58  4:33  Probe  
  58  4:34  Probe  
  58  4:36  Pylon  
  60  4:42  Probe  
  60  4:43  Twilight Council, Forge  
  60  4:45  Probe  
  61  4:48  Pylon  
  62  4:53  Probe  
  62  4:57  Probe  
  64  5:00  Gateway x2  
  64  5:05  Probe  
  65  5:09  Probe  
  63  5:17  Probe  
  64  5:21  Probe, Protoss Ground Weapons Level 1, Templar Archives  
  64  5:22  Gateway  
  64  5:25  Charge  
  65  5:29  Probe  
  65  5:31  Robotics Facility  
  65  5:33  Probe x2  
  67  5:37  Zealot  
  67  5:38  Probe  
  67  5:41  Probe  
  70  5:45  Probe  
  70  5:46  Probe  
  70  5:49  Probe  
  72  5:51  Gateway  
  72  5:55  Probe, Psionic Storm  
  74  5:57  Gateway  
  74  5:58  Probe  
  74  6:00  Probe  
  77  6:04  Pylon  
  77  6:05  Assimilator  
  77  6:07  High Templar x2  
  77  6:09  Assimilator, Probe  
  77  6:11  Probe  
  83  6:12  Probe  
  83  6:15  Photon Cannon  
  83  6:18  Observer  
  84  6:20  Gateway  
  84  6:21  Probe  
  86  6:29  Immortal  
  86  6:32  Photon Cannon, Shield Battery  
  90  6:42  High Templar x2  
  90  6:45  Probe  
  95  6:50  Photon Cannon, Probe  
  95  6:51  Shield Battery  
  95  6:52  Zealot  
  95  6:53  Pylon  
  98  6:54  Pylon  
  98  6:55  Stalker  
  98  6:56  Probe  
  98  6:58  Pylon  
  101  7:06  Immortal  
  101  7:08  Sentry  
  100  7:11  Probe  
  100  7:14  Zealot x3  
  111  7:21  Fleet Beacon  
  111  7:22  Pylon  
  111  7:23  Pylon  
  111  7:30  Photon Cannon x2  
  111  7:37  Shield Battery  
  111  7:38  Photon Cannon  
  111  7:39  Immortal  
  111  7:44  High Templar x2  
  111  7:47  Probe  
  111  7:48  Archon, High Templar  
  121  7:53  Pylon x2  
  121  8:01  Photon Cannon  
  121  8:02  Shield Battery  
  121  8:03  Stalker  
  121  8:04  Stalker  
  119  8:07  Tempest, Zealot x2  
  121  8:17  Immortal  
  127  8:20  Stalker x3  
  131  8:30  Stalker x3  
  137  8:41  Tempest  
  135  8:46  Stalker x5  
  141  9:04  Zealot x3  
  137  9:11  Immortal  
  137  9:13  Zealot x5  
  120  9:22  Probe  
  120  9:23  Tempest  
  125  9:27  High Templar  
  125  9:28  High Templar, Probe  
  125  9:29  Probe  
  119  9:34  Probe  
  117  9:42  Zealot  
  117  9:43  Zealot x5  
  124  10:01  Immortal  
  128  10:07  Zealot x6  
  128  10:12  Probe  
  141  10:16  Pylon, Assimilator  
  141  10:24  Protoss Air Weapons Level 1  
  141  10:25  Pylon, Probe  
  140  10:30  Mothership  
  140  10:33  Pylon  
  140  10:39  Probe  
  149  10:43  Probe  
  149  10:45  Protoss Ground Weapons Level 2  
  149  10:46  Nexus  
  149  10:47  Pylon  
  150  10:51  Probe  
  150  10:55  Pylon, Probe  
  152  11:03  Probe  
  157  11:05  Void Ray  
  157  11:08  Nexus  
  157  11:10  Zealot x2  
  157  11:11  Probe  
  162  11:15  Zealot x2  
  156  11:23  Probe  
  153  11:29  Observer  
  153  11:30  Shield Battery, Zealot x4  
  156  11:36  Tempest  
  156  11:42  Probe  
  156  11:44  Probe  
  149  11:50  Probe  
  149  11:53  Probe  
  144  11:54  Probe  
  143  12:01  Probe  
  143  12:03  Probe  
  143  12:06  Probe  
  143  12:14  High Templar x5  
  143  12:15  Probe  
  154  12:16  Probe  
  154  12:18  Probe  
  154  12:19  Void Ray  
  154  12:21  Archon x2  
  160  12:25  Probe  
  160  12:27  Probe  
  160  12:28  Probe  
  163  12:31  Probe  
  162  12:38  Probe  
  162  12:40  Probe  
  159  12:45  Nexus  
  159  12:49  Stalker x2  
  159  12:50  Probe  
  156  12:55  Probe x2  
  155  12:58  Probe  
  152  13:08  High Templar x4  
  152  13:10  Assimilator  
  152  13:11  Probe  
  152  13:12  Assimilator  
  159  13:17  Warp Prism, Archon  
  159  13:18  Archon, Probe  
  162  13:34  Pylon  
  162  13:38  Photon Cannon  
  162  13:39  Probe  
  163  13:42  Probe x2  
  163  13:46  Pylon  
  163  13:47  High Templar x2  
  163  13:48  Blink  
  169  13:50  Observer  
  169  13:52  Archon  
  170  14:07  Zealot x5  
  164  14:23  Probe  
  164  14:24  Nexus, Probe  
  165  14:25  Protoss Air Weapons Level 2  
  165  14:27  Probe  
  164  14:36  Probe x2  
  160  14:48  Probe  
  160  14:49  Zealot x2  
  160  14:51  Probe  
  165  14:55  Protoss Shields Level 1, Probe  
  166  15:01  Probe  
  167  15:08  Probe x2  
  167  15:10  Tempest  
  173  15:28  Stargate  
  172  15:38  Probe  
  171  15:51  Probe  
  171  15:52  Void Ray  
  171  15:54  Probe  
  177  15:57  Photon Cannon  
  177  15:58  Shield Battery  
  177  16:01  Warp Prism, Probe  
  177  16:03  Zealot  
  177  16:04  Zealot  
  182  16:10  High Templar  
  182  16:11  High Templar  
  186  16:14  Gateway  
  186  16:15  Archon  
  190  16:19  Flux Vanes  
  190  16:20  Void Ray  
  186  16:44  Nexus  
  186  16:49  Void Ray  
  186  16:54  Pylon  
  188  16:58  Observer  
  189  17:07  Nexus  
  188  17:10  Cybernetics Core  
  178  17:19  Probe  
  176  17:25  Zealot x2  
  176  17:27  Probe  
  176  17:35  Void Ray x2  
  176  17:41  Photon Cannon  
  176  17:43  Probe  
  141  17:55  Probe x4  
  141  17:57  Protoss Air Weapons Level 3  
  135  18:03  Pylon  
  133  18:09  Probe  
  133  18:10  High Templar x4  
  133  18:12  Tempest  
  145  18:14  Gateway  
  145  18:15  Probe, Gateway  
  145  18:16  Archon x2  
  145  18:17  Probe  
  147  18:22  High Templar  
  147  18:23  Probe  
  147  18:26  Void Ray, Probe  
  151  18:29  Gateway  
  151  18:30  Photon Cannon  
  151  18:31  Pylon  
  155  18:52  Protoss Shields Level 2, High Templar x4  
  155  18:53  Nexus  
  163  18:56  Archon x2  
  163  19:01  Pylon  
  146  19:30  Void Ray  
  146  19:31  Zealot x8  
  162  19:39  Void Ray  
  162  19:46  Probe  
  162  19:47  Probe  
  164  19:53  Robotics Facility  
  144  20:01  High Templar  
  144  20:02  Unknown  
  144  20:03  Void Ray  
  146  20:08  Archon  
  146  20:13  Void Ray  
  145  20:20  Zealot x4  
  156  20:39  Nexus, Protoss Air Armor Level 1  
  156  20:40  Void Ray  
  160  20:42  Pylon  
  160  20:43  High Templar x3  
  160  20:44  High Templar x2  
  160  20:47  Archon  
  160  20:48  Archon  
  170  20:52  Carrier  
  170  20:54  Observer  
  170  20:56  Assimilator  
  169  20:58  Zealot  
  169  21:00  Assimilator  
  177  21:13  Zealot  
  171  21:29  Void Ray  
  171  21:30  Nexus  
  162  21:33  Mothership  
  160  21:51  High Templar x3  
  166  21:55  Pylon  
  166  22:10  Assimilator  
  168  22:25  Void Ray, Assimilator  
  168  22:27  Zealot x2  
  172  22:39  Protoss Air Armor Level 2  
  176  22:45  Void Ray  
  176  22:46  Zealot  
  178  22:57  Stargate  
  178  23:05  Observer  
  161  23:25  Zealot x4  
  161  23:26  Probe x5  
  177  23:27  Probe  
  164  23:46  Photon Cannon  
  164  23:47  Photon Cannon  
  164  23:48  Shield Battery  
  164  23:51  Pylon  
  164  23:56  Observer  
  164  23:59  High Templar  
  105  24:10  Stalker x7  
  89  24:33  Stalker x8  
  89  24:38  Observer  
  103  24:56  Nexus  
  80  25:05  High Templar x2  
  80  25:06  Stalker x2  
  73  25:20  Stalker  
Show
View Real Time Build Order
Export as new Build Order

Serral Zerg - Winner!

Build Orders: Hatch First, Lurkers 

Get SALT Encoding   

  12  0:00  Drone  
  13  0:07  Drone  
  14  0:14  Extractor  
  14  0:15  Drone  
  15  0:21  Overlord  
  15  0:42  Drone  
  16  0:45  Hatchery  
  16  0:48  Drone  
  16  0:52  Drone  
  16  0:56  Drone  
  18  1:06  Extractor  
  18  1:11  Spawning Pool  
  16  1:15  Drone  
  16  1:17  Drone  
  18  1:26  Drone  
  19  1:37  Drone  
  20  1:47  Drone  
  21  1:57  Queen x2  
  21  1:58  Zergling x2  
  21  1:59  Overlord  
  26  2:08  Drone  
  26  2:10  Drone, Metabolic Boost  
  28  2:19  Drone  
  28  2:22  Drone  
  30  2:29  Drone  
  31  2:30  Drone  
  31  2:35  Queen  
  34  2:45  Hatchery  
  34  2:49  Overlord  
  32  2:51  Drone x2  
  32  2:53  Drone  
  35  3:04  Overlord  
  35  3:08  Drone x3  
  35  3:09  Drone x3  
  35  3:11  Zergling x2  
  42  3:16  Queen  
  44  3:21  Overlord  
  44  3:25  Zergling x2  
  45  3:28  Queen  
  45  3:31  Zergling x4  
  49  3:38  Drone  
  49  3:39  Zergling x6  
  53  3:45  Zergling x2  
  54  3:49  Roach Warren  
  54  3:51  Drone x4  
  57  3:57  Drone  
  58  4:03  Drone x2  
  58  4:12  Spore Crawler, Zergling x12  
  62  4:18  Overlord  
  62  4:19  Zergling x6  
  65  4:27  Drone  
  65  4:30  Overlord  
  65  4:34  Overlord  
  65  4:37  Overlord  
  65  4:40  Lair  
  65  4:41  Drone  
  65  4:45  Extractor x2  
  63  4:46  Drone x3  
  63  4:47  Spore Crawler  
  63  4:48  Drone  
  63  4:51  Drone x4  
  69  4:56  Drone  
  69  4:57  Drone x2  
  72  5:00  Spore Crawler  
  72  5:01  Drone  
  72  5:02  Drone  
  72  5:08  Drone x2  
  72  5:13  Drone  
  72  5:14  Drone x3  
  72  5:18  Drone  
  75  5:21  Drone  
  75  5:22  Drone x6  
  82  5:31  Drone  
  82  5:33  Overlord, Hatchery  
  82  5:36  Drone  
  82  5:37  Drone  
  82  5:39  Glial Reconstitution  
  82  5:40  Extractor  
  82  5:41  Overseer  
  82  5:42  Drone  
  83  5:45  Drone  
  84  5:50  Overlord  
  84  5:51  Evolution Chamber, Drone x4  
  84  5:52  Drone  
  84  5:53  Drone  
  89  5:57  Extractor  
  89  5:58  Extractor, Overlord  
  89  6:01  Overlord  
  87  6:08  Roach x3  
  95  6:14  Roach x4  
  101  6:20  Overlord  
  101  6:22  Overlord  
  101  6:23  Roach x5  
  110  6:28  Drone x2  
  110  6:29  Roach x2  
  110  6:31  Roach  
  116  6:37  Roach x2  
  116  6:38  Overlord  
  120  6:40  Pneumatized Carapace  
  120  6:47  Roach x4  
  120  6:48  Roach  
  120  6:52  Zerg Missile Weapons Level 1  
  120  6:54  Roach x2  
  134  7:01  Roach x5  
  142  7:05  Roach  
  142  7:06  Roach  
  148  7:09  Roach x2  
  148  7:12  Overlord  
  148  7:13  Overlord  
  148  7:15  Overlord  
  152  7:24  Overlord  
  151  7:30  Overlord  
  151  7:31  Roach x2  
  151  7:32  Roach x6  
  151  7:35  Ravager x6  
  172  7:40  Roach  
  172  7:42  Overlord x2  
  174  7:47  Roach x3  
  180  7:54  Roach x4  
  187  8:04  Roach x2  
  187  8:05  Roach x2, Ravager  
  193  8:06  Ravager  
  195  8:16  Ravager x3  
  195  8:17  Roach x2  
  200  8:25  Roach x2  
  197  8:36  Burrow  
  197  8:37  Roach x3  
  193  8:46  Roach x5  
  193  8:47  Roach  
  198  8:51  Roach x2  
  192  8:57  Zerg Missile Weapons Level 2  
  192  9:02  Ravager  
  191  9:03  Ravager  
  191  9:07  Queen  
  189  9:10  Roach x5  
  189  9:14  Queen x2  
  182  9:19  Drone x7  
  170  9:26  Roach x4  
  166  9:31  Spire  
  166  9:36  Roach x4  
  165  9:43  Queen  
  163  9:48  Roach x16  
  163  9:50  Queen x2  
  165  9:56  Roach x3, Infestation Pit  
  166  10:11  Drone x3, Extractor  
  166  10:12  Drone x2, Extractor  
  166  10:17  Queen  
  166  10:18  Roach x4  
  166  10:21  Roach x3  
  182  10:23  Tunneling Claws  
  182  10:26  Roach x2  
  186  10:29  Overlord  
  186  10:36  Roach x3  
  186  10:44  Corruptor x3  
  186  10:45  Corruptor x3  
  198  10:51  Hydralisk Den  
  198  10:56  Hive  
  197  11:02  Drone  
  197  11:03  Drone  
  197  11:05  Drone x2  
  197  11:08  Drone x2  
  197  11:16  Overseer  
  193  11:21  Corruptor x5  
  193  11:25  Roach x3  
  197  11:26  Roach  
  195  11:35  Roach x6  
  195  11:40  Zerg Ground Armor Level 1  
  195  11:42  Grooved Spines  
  195  11:43  Lurker Den  
  192  11:50  Spore Crawler  
  192  11:52  Spine Crawler  
  192  11:53  Spine Crawler x2  
  184  11:54  Hydralisk x6  
  190  12:03  Hydralisk x4  
  190  12:05  Hatchery  
  192  12:11  Roach x14  
  192  12:15  Overlord  
  187  12:16  Roach x3  
  187  12:17  Roach x2  
  187  12:19  Overlord  
  187  12:20  Drone x4  
  187  12:22  Drone x4  
  195  12:23  Roach x4  
  195  12:24  Roach  
  195  12:25  Spore Crawler x2  
  195  12:26  Spore Crawler  
  195  12:27  Overlord x2  
  190  12:48  Seismic Spines  
  190  12:49  Zerg Flyer Weapons Level 1, Lurker x7  
  195  12:58  Extractor, Drone x6  
  193  13:00  Extractor  
  189  13:05  Corruptor  
  189  13:06  Corruptor x3  
  189  13:10  Drone x5  
  188  13:15  Queen  
  188  13:22  Drone x3  
  188  13:23  Viper  
  188  13:24  Spore Crawler  
  193  13:29  Spore Crawler  
  193  13:30  Spore Crawler  
  193  13:31  Spore Crawler  
  193  13:32  Spore Crawler  
  189  13:34  Lurker x3  
  189  13:36  Overseer, Roach x8  
  189  13:38  Overseer x2  
  192  13:42  Muscular Augments  
  192  13:45  Drone x2, Adaptive Talons  
  192  13:48  Viper  
  194  13:53  Spore Crawler x3  
  194  14:01  Hydralisk x2  
  194  14:02  Roach  
  198  14:03  Roach  
  198  14:04  Spore Crawler, Roach x4  
  198  14:05  Spore Crawler  
  198  14:06  Spore Crawler  
  198  14:07  Spore Crawler, Roach x2  
  198  14:08  Roach x2  
  198  14:09  Roach  
  194  14:10  Zerg Missile Weapons Level 3  
  194  14:11  Hydralisk x3  
  196  14:26  Lurker x2  
  196  14:28  Roach  
  196  14:34  Spore Crawler  
  196  14:35  Spore Crawler  
  192  14:39  Lurker x3  
  192  14:43  Corruptor x4  
  192  14:45  Overseer  
  197  14:57  Spore Crawler  
  197  14:58  Overlord  
  197  14:59  Drone x3  
  196  15:00  Drone  
  196  15:09  Drone x4  
  196  15:10  Hatchery  
  196  15:13  Spore Crawler  
  198  15:14  Spore Crawler  
  198  15:15  Spore Crawler x2  
  198  15:17  Spore Crawler  
  198  15:18  Spore Crawler  
  198  15:19  Greater Spire  
  193  15:31  Corruptor x3  
  190  15:44  Hydralisk x5  
  193  15:54  Drone x2  
  195  15:59  Spire  
  195  16:00  Hatchery  
  191  16:06  Zergling x2  
  191  16:07  Zergling x8, Adrenal Glands  
  197  16:12  Lurker x3  
  197  16:14  Lurker x2  
  197  16:17  Spore Crawler  
  199  16:25  Neural Parasite  
  199  16:26  Spire  
  197  16:47  Zerg Melee Weapons Level 1  
  197  16:48  Zerg Flyer Armor Level 1  
  190  17:15  Corruptor x4  
  194  17:33  Zerg Flyer Weapons Level 2  
  194  17:35  Drone x5  
  175  17:53  Extractor  
  175  17:56  Extractor  
  173  17:59  Corruptor x8  
  173  18:00  Overlord  
  173  18:01  Overlord x2  
  183  18:06  Spore Crawler  
  183  18:10  Overlord x2  
  179  18:29  Brood Lord x8  
  179  18:30  Infestor x2  
  179  18:31  Overseer  
  179  18:32  Microbial Shroud  
  199  18:45  Spore Crawler  
  199  18:46  Spore Crawler  
  199  18:47  Brood Lord  
  199  18:51  Zerg Flyer Armor Level 2  
  199  18:52  Zerg Melee Weapons Level 2  
  199  18:53  Drone  
  196  19:33  Corruptor x2  
  196  19:37  Brood Lord  
  200  19:45  Infestor  
  198  20:02  Hatchery, Extractor  
  198  20:04  Extractor  
  195  20:13  Infestor x2  
  199  20:33  Zerg Flyer Weapons Level 3  
  195  20:55  Overseer  
  197  20:57  Brood Lord  
  197  20:58  Corruptor  
  192  21:31  Infestor x3  
  198  21:53  Spine Crawler  
  197  21:58  Corruptor  
  195  22:06  Zerg Flyer Armor Level 3  
  200  22:15  Zerg Melee Weapons Level 3  
  200  22:20  Hatchery  
  199  22:28  Viper  
  197  22:30  Zergling x6  
  199  22:38  Infestor x3  
  199  22:59  Zergling x2  
  199  23:03  Hatchery  
  196  23:09  Infestor x3  
  196  23:10  Infestor  
  198  23:32  Corruptor  
  200  23:36  Spore Crawler  
  197  23:46  Infestor x7  
  197  23:47  Corruptor x2  
  199  23:58  Hatchery  
  199  24:00  Unknown  
  195  24:05  Unknown  
  187  24:11  Corruptor  
  187  24:12  Corruptor x3  
  187  24:15  Zergling x12  
  187  24:16  Zergling x8  
  199  24:27  Brood Lord  
  199  24:28  Brood Lord  
  199  24:41  Hatchery  
  197  24:47  Zergling x6  
  199  24:57  Brood Lord, Corruptor  
  195  25:10  Brood Lord  
  195  25:11  Brood Lord  
  195  25:13  Drone  
  199  25:21  Drone  
Tags
 
Add a new tag
Caveats
  • Supply blocks, unpowered buildings, or Contaminate may cause inaccurate times.
  • Supply counts are checked every 10 seconds.